 Dungeon Crawl Stone Soup version 0.27-a0-1147-gb3d8e82157 (webtiles) character file.

Game seed: 3160737441686780561

41 Devinter the Sneak (level 3, -2/22 HPs)
             Began as a Kobold Brigand on May 12, 2021.
             Slain by an adder (3 damage)
             ... on level 2 of the Dungeon.
             The game lasted 00:08:31 (1593 turns).

Devinter the Sneak (Kobold Brigand)                 Turns: 1593, Time: 00:08:32

Health: -2/22      AC:  3    Str:  8    XL:     3   Next: 75%
Magic:  3/3        EV: 14    Int: 12    God:
Gold:   82         SH:  0    Dex: 17    Spells: 2/2 levels left

rFire    . . .     SeeInvis .   a - +2 dagger
rCold    . . .     Faith    .   (shield restricted)
rNeg     . . .     Spirit   .   b - +0 robe
rPois    .         Reflect  .   (no helmet)
rElec    .         Harm     .   c - +0 cloak
rCorr    .         Rampage  .   (no gloves)
Will     .....                  (no boots)
Stlth    ++++......             (no amulet)
HPRegen  0.07/turn              (no ring)
MPRegen  0.08/turn              (no ring)

@: no status effects
A: small, no large weapons, nightstalker 3
a: no special abilities


You were on level 2 of the Dungeon.
You visited 1 branch of the dungeon, and saw 2 of its levels.

You collected 82 gold pieces.

Inventory:

Hand Weapons
 a - a +2 dagger (weapon)
 p - a +0 short sword of freezing
Missiles
 d - 8 poisoned darts (quivered)
 e - 2 curare-tipped darts
 h - 21 arrows
 m - 3 boomerangs
Armour
 b - a +0 robe (worn)
 c - a +0 cloak (worn)
Scrolls
 f - a scroll of fear {unknown}
 g - a scroll of vulnerability {unknown}
 j - a scroll of blinking {unknown}
 o - a scroll of identify {unknown}
 q - a scroll of noise {unknown}
Potions
 i - 3 potions of curing {unknown}
 k - 2 potions of flight {unknown}
 l - a potion of heal wounds {unknown}
 n - a potion of berserk rage {unknown}


   Skills:
 + Level 2.8 Fighting
 - Level 3.0 Short Blades
 + Level 2.7 Throwing
 - Level 2.0 Dodging
 + Level 5.8 Stealth


You had 2 spell levels left.
You didn't know any spells.
Your spell library was empty.

Dungeon Overview and Level Annotations

Branches:
Dungeon (2/15)

Altars:


Innate Abilities, Weirdness & Mutations

You are small and have problems with some larger weapons.
You are completely attuned to the shadows.


Message History

You are poisoned.
The adder poisons you!
You hit the adder.
The adder is heavily wounded.
You feel sick. The adder completely misses you.
You hit the adder.
The adder is severely wounded.
The adder misses you.
You closely miss the adder.
The adder is severely wounded.
You feel sick. The adder bites you.
* * * LOW HITPOINT WARNING * * *
The kobold misses you.
You hit the adder.
The adder is almost dead.
You feel sick. The adder barely misses you.
You closely miss the adder.
The adder is severely wounded.
You feel sick. The adder misses you. The kobold hits you with a +0 dagger.
* * * LOW HITPOINT WARNING * * *
You barely miss the adder.
The adder is severely wounded.
You feel sick.
You are no longer poisoned.
The adder bites you.
* * * LOW HITPOINT WARNING * * *
The kobold closely misses you.
You closely miss the adder.
The adder is severely wounded.
The adder barely misses you. The kobold closely misses you.
The adder closely misses you.
You hit the adder but do no damage.
The adder is severely wounded.
The kobold hits you with a +0 dagger.
* * * LOW HITPOINT WARNING * * *
The adder closely misses you.
You miss the adder.
The adder is severely wounded.
The kobold closely misses you. The adder bites you.
You die...

.........# #.# .........#
#.# .........# #.#
.........# #.####
.........# #.#...
.........# #.#.##
........# #.#.## ........#
#.#.## ...K@...# #.#.##
...S<...# #.#.## ..##.####
#.#... . #.# #.#.#. #.#
#.###. .###+###. #.....
......... #....#
#.###.###############.....
#......................#.#


You could see an adder and a kobold.

Vanquished Creatures
  An adder (D:2)
  A dart slug (D:2)
  2 ball pythons
  4 endoplasms
  3 giant cockroaches
  7 goblins
  2 quokkas (D:2)
  3 bats
  2 frilled lizards
  A kobold (D:2)
  2 rats
28 creatures vanquished.

Notes
Turn   | Place    | Note
-------+----------+-------------------------------------------
     0 | D:1      | Devinter the Kobold Brigand began the quest for the Orb.
     0 | D:1      | Reached XP level 1. HP: 12/12 MP: 1/1
   764 | D:1      | Reached XP level 2. HP: 18/18 MP: 2/2
  1135 | D:2      | Reached skill level 3 in Short Blades
  1155 | D:2      | Reached XP level 3. HP: 19/22 MP: 3/3
  1267 | D:2      | Found a faded altar of an unknown god.
  1322 | D:2      | Reached skill level 2 in Dodging
  1592 | D:2      | HP: 1/22 [kobold/+0 dagger (3)]
  1593 | D:2      | Slain by an adder

Illustrated notes

Levels and vault maps discovered:
D:1:      minmay_arrival_nine_rooms, layout_loops_corners
D:2:      layout_basic, ebering_ecumenical_altar_petrified,
          minmay_misc_feat_square, hangedman_decor_opposing

Skill      XL: |  1  2  3 |
---------------+----------+-----
Short Blades   | 3 |  3.0
Dodging        | 2 |  2.0
Fighting       | |  2.8
Throwing       | |  2.7
Stealth        | |  5.8

Action                   || total
-------------------------++-------
Melee: Dagger            ||    47
 Stab: Sleeping          ||    24
Armor: Robe              ||     2
Dodge: Dodged            ||    16

Table legend: (Time is in decaauts)
 A = Elapsed time spent in this place.
 B = Non-inter-level travel time spent in this place.
 C = Inter-level travel time spent in this place.
 D = Time resting spent in this place.
 E = Time spent auto-exploring this place.
 F = Levels seen in this place.
 G = Mean time per level.
                   A        B        C        D        E       F      G
               +--------+--------+--------+--------+--------+-----+--------+
         Total |   1586 |   1571 |     15 |    164 |    234 |   2 |  793.0 |
       Dungeon |   1586 |   1571 |     15 |    164 |    234 |   2 |  793.0 |
               +--------+--------+--------+--------+--------+-----+--------+

Top non-repeatable levels by time:
     D:1: 1085 daAuts
     D:2: 501 daAuts
